← All builds
Suicide front / Armada / Factory first / OBSERVED BUILD

Standard suicide front

Armada Suicide front build order · Supreme Isthmus

The role's baseline: Bot Lab at 0:21 then straight into reclaim-fed T1 bot production to contest the middle and hold until T2 arrives, with an Advanced Metal Extractor around 9:45.

#rush · 2010 distinct matches · 229 players · 72% of Armada Suicide front games · team won 59% of 2383 · Recently observed

HOW TO PLAY IT

Key timing: Bot Lab by 0:20

  1. Open with mex and lab-first to get Bot Lab up by 0:20.
  2. Expand mex and wind while lab pumps units toward middle.
  3. Push Sentry and early Rocketeer, Centurion to contest middle.
  4. Get T2 constructor out once Pond's boost lets you spare metal.
  5. Upgrade mex to Advanced Metal Extractor as you transition off T1 spam.

Phase by phase

TYPICAL OF ITS 2010 GAMES
  1. 1
  2. 2
  3. 3
PLAY THE OPENING

Follow the example game's first 6:00 step by step: what to build now, what comes next, and where it goes. At 1× it keeps pace with your own game.

  1. 1

    Bot Lab first

    Order
    1. Bot LabBot Lab done ~0:21, middle half 0:20–0:33

    Some games also: mex (44%)

  2. 2

    Bot Lab to 5:00

    Economy
    • Metal Extractor5Mex
    • Wind Turbine4Wind
    Builders
    • Construction Bot3 Con bot
    • Lazarus2 Lazarus
    Army
    • Sentry4 Sentry
    • Rocketeer16 Rocketeer
    • Tick2 Tick
    • Centurion1 Centurion
    Other
    • Radar Tower1 Radar Tower

    Some games also: pawn (38%) · con turret (34%)

    By 5:00 in all: 5 mex · 4 wind

    The example game in this phase · 30 steps
    1. CenturionCenturion
    2. LazarusLazarus
    3. Construction BotCon bot
    4. CenturionCenturion
    5. Construction BotCon bot
    6. Radar TowerRadar Tower
    7. SentrySentry
    8. Mex
    9. Construction BotCon bot
    10. Mex
    11. Construction BotCon bot
    12. CenturionCenturion
    13. SentrySentry
    14. Mex
    15. CenturionCenturion
    16. Wind
    17. SentrySentry
    18. Wind
    19. Mex
    20. LazarusLazarus
    21. RocketeerRocketeer ×4
    22. Con turret
    23. RocketeerRocketeer
    24. Energy storage
    25. SentrySentry ×2
    26. Radar TowerRadar Tower
    27. Mex
    28. Dragon's TeethDragon's Teeth
    29. Wind
    30. Dragon's TeethDragon's Teeth ×2
  3. 3

    5:00 to 10:00

    Economy
    • Metal Extractor1Mex
    • Wind Turbine15Wind
    Builders
    • Construction Turret2 Con turret
    • Lazarus2 Lazarus
    • Construction Bot1 Con bot
    Army
    • Sentry1 Sentry
    • Rocketeer8 Rocketeer

    Some games also: pawn (49%) · Radar Tower (46%) · tick (45%) · centurion (44%) · energy storage (43%) · eat Bot Lab (31%)

    By 10:00 in all: 6 mex · 21 wind · 1 energy storage · 2 con turret

    The example game in this phase · 123 steps
    1. Dragon's TeethDragon's Teeth
    2. CenturionCenturion
    3. Wind
    4. Dragon's TeethDragon's Teeth ×3
    5. RocketeerRocketeer
    6. Wind
    7. Dragon's TeethDragon's Teeth
    8. RocketeerRocketeer
    9. Dragon's TeethDragon's Teeth
    10. SentrySentry
    11. Dragon's TeethDragon's Teeth
    12. Wind
    13. RocketeerRocketeer
    14. Dragon's TeethDragon's Teeth
    15. Construction BotCon bot
    16. Dragon's TeethDragon's Teeth
    17. SentrySentry
    18. Wind
    19. Dragon's TeethDragon's Teeth
    20. RocketeerRocketeer
    21. Wind
    22. SentrySentry
    23. RocketeerRocketeer
    24. Wind
    25. CenturionCenturion
    26. Advanced Metal ExtractorT2 mexdone 7:16 · typical 9:46
    27. Wind
    28. Converter
    29. Wind
    30. Mex
    31. Wind
    32. Converter
    33. Wind
    34. Mex
    35. RocketeerRocketeer
    36. TickTick
    37. Wind
    38. TickTick
    39. Converter
    40. TickTick ×2
    41. Wind
    42. TickTick ×2
    43. Converter
    44. TickTick
    45. SentrySentry
    46. TickTick
    47. Wind
    48. TickTick ×2
    49. Converter
    50. TickTick
    51. Wind
    52. TickTick ×3
    53. Converter
    54. TickTick ×2
    55. Wind
    56. TickTick ×2
    57. BeamerBeamer
    58. TickTick ×3
    59. Wind
    60. TickTick ×2
    61. BeamerBeamer
    62. Wind
    63. TickTick ×3
    64. Wind
    65. TickTick ×2
    66. Wind
    67. BeamerBeamer
    68. TickTick ×2
    69. Wind
    70. TickTick ×2
    71. Wind ×2
    72. Bot LabBot Labdone 10:23
    73. LazarusLazarus
    74. Con turret
    75. LazarusLazarus ×2
    76. Construction BotCon bot
    77. LazarusLazarus ×2
    78. Mex
    79. LazarusLazarus
    80. Mex
    81. Bot LabBot Labdone 11:38
    82. Construction BotCon bot
    83. BeamerBeamer
    84. Construction BotCon bot
    85. PlatypusPlatypus
    86. PawnPawn
    87. Construction BotCon bot
    88. ThugThug
    89. Construction BotCon bot ×2
    90. Mex
    91. Construction BotCon bot ×2
    92. Sneaky PeteSneaky Pete
    93. Construction BotCon bot
    94. Bot LabEat Bot Labreclaimed for its metal
    95. Construction BotCon bot ×4
    96. Wind
    97. Advanced Metal ExtractorT2 mex
    98. Wind
    99. Twilight
    100. Wind ×2
    101. Radar TowerRadar Tower ×2
    102. Wind
    103. Construction BotCon bot
    104. Wind ×2
    105. Advanced Metal ExtractorT2 mex
    106. Construction BotCon bot
    107. Wind
    108. Sneaky PeteSneaky Pete
    109. Construction BotCon bot
    110. Wind ×9
    111. ThugThug
    112. Wind ×3
    113. Advanced Metal ExtractorT2 mex
    114. JaguarJaguar
    115. Wind ×2
    116. NettleNettle
    117. Wind
    118. NettleNettle
    119. Con turret
    120. NettleNettle
    121. Wind
    122. NettleNettle ×2
    123. ThistleThistle

Counts are medians over the build's games: half of them build more, half fewer. The example game is OsamaBinClappin's (32 OS, 08/09/2026); pick another.

Team trades

IN AT LEAST 30% OF ITS GAMES

You hand over

Nothing regular.

You get

  • Tidal Generator4 Tidal from Pondfirst at 0:10 · in 68% of games
  • Advanced Construction Bot1 T2 con bot from Geo or Techfirst at 7:41 · in 57% of games

How it plays out

Typical game of this build, running totals by minute

Metal produced

010k20k
0:005:0010:0015:00

metal

Enemy metal destroyed

05k10k
0:005:0010:0015:00

metal

Own metal lost

05k10k
0:005:0010:0015:00

metal

2383 games.

Show as table
ByMetal produced: This buildEnemy metal destroyed: This buildOwn metal lost: This build
1:0023000
2:0088700
3:002009184130
4:003110645501
5:00418513571000
6:00534921831712
7:00653930512597
8:00776039393502
9:00904647004376
10:001041853145163
11:001189458585965
12:001360664076686
13:001540768797437
14:001729875058212
15:001926981098991
WHAT THE NUMBERS SAY

Standard Suicide front play wins a bit over half its games while taking the heaviest own losses of any role by 15:00.

  • + Produces 20142 metal by 15:00, highest of the front roles.
  • + First kill by 2:01 in all games, fastest contest of middle.
  • − Own metal lost hits 9178 by 15:00, more than enemy metal destroyed.
  • − Only 34% Rocketeer share shows army spread thin across many bot types.
THE EXAMPLE YOU ARE READING

OsamaBinClappin

32.3 OS · 08/09/2026

Open source match ↗

7 received units · includes a constructor
244 metal received · 24531 energy received

Allied construction assistance is unknown. Timings are observations, not a promise of solo reproducibility.

Typical milestones

Bot Lab0:21Middle 50%: 0:20–0:33 · n=2375
Advanced Metal Extractor9:46Middle 50%: 8:50–10:58 · n=1723

Played most by

_X_262games of this buildPlatinumBlonde188games of this buildXad166games of this buildTrapCaT107games of this buildImmort80games of this build
Standard suicide front · Armada Suicide front build order · BAR Build Atlas